 Dungeon Crawl Stone Soup version 0.16-a0-3303-g3c4fcab (webtiles) character file.

1890 myeffort the Impaler (level 9, -6/96 HPs)
             Began as a Merfolk Berserker on Dec 25, 2014.
             Was an Elder of Trog.
             Mangled by a hippogriff (8 damage)
             ... on level 8 of the Dungeon.
             The game lasted 00:09:36 (5500 turns).

myeffort the Impaler (Merfolk Berserker)            Turns: 5500, Time: 00:09:36

Health: -6/96      AC: -12   Str: 22    XL:     9   Next: 15%
Magic:  9/9        EV: 16    Int:  6    God:    Trog [****..]
Gold:   214        SH:  0    Dex: 17    Spells: 0 memorised, 8 levels left

rFire  . . .     SeeInvis .     K - +0 trident (pierce)
rCold  . . .     Clarity  .     y - +2 robe "Daum" {+Blink}
rNeg   . . .     SustAb   .     (no shield)
rPois  +         Gourm    .     f - +0 helmet
rElec  .         Spirit   .     (no cloak)
rCorr  .         Warding  .     s - +1 pair of gloves
rMut   .         Stasis   .     (no boots)
MR     .....                    H - amulet of rage (curse)
Stlth  ..........               v - ring of poison resistance
                                p - +3 ring of evasion

@: berserking, corroded equipment, very quick, not resistant to hostile
enchantments, extremely unstealthy
A: change form in water, swift swim
a: Burn Spellbooks, Berserk, Trog's Hand, Brothers in Arms, Renounce Religion,
Evoke Blink, Evoke Berserk Rage


You were on level 8 of the Dungeon.
You worshipped Trog.
Trog was greatly pleased with you.
You were not hungry.

You visited 1 branch of the dungeon, and saw 8 of its levels.

You collected 214 gold pieces.

Inventory:

Hand weapons
 a - a +0 spear
 I - a +0 halberd
 K - a +0 trident of piercing (weapon)
Missiles
 h - 16 stones (quivered)
 J - a throwing net
Armour
 b - a +0 animal skin
 f - a +0 helmet (worn)
 s - a +1 pair of gloves (worn)
 y - the +2 robe "Daum" (worn) {+Blink}
   (You found it on level 4 of the Dungeon)

   It lets you blink.
 z - the +2 plate armour "Wotimasu" {+Blink +Inv rPois rC+ rCorr}
   (You found it on level 5 of the Dungeon)

   It protects you from cold.
   It protects you from poison.
   It lets you turn invisible.
   It lets you blink.
   It protects you from acid and corrosion.
 Q - a +0 shield
Jewellery
 p - a +3 ring of evasion (left hand)
 v - a ring of poison resistance (right hand)
 C - a +1 ring of intelligence
 D - an uncursed ring of protection from magic {unknown}
 H - a cursed amulet of rage (around neck)
 M - an uncursed ring of flight {unknown}
Magical devices
 B - a wand of fireball (4)
 E - a wand of confusion (32)
 P - a wand of fireball (4)
Scrolls
 d - 3 scrolls of amnesia {unknown}
 e - 7 scrolls of identify
 j - 3 scrolls of fear
 k - 3 scrolls of remove curse {unknown}
 r - 3 scrolls of teleportation {unknown}
 t - a scroll of magic mapping {unknown}
 u - 3 scrolls of random uselessness {unknown}
 w - 2 scrolls of immolation {unknown}
 N - a scroll of recharging {unknown}
Potions
 g - a potion of resistance {unknown}
 i - 4 potions of curing
 n - a potion of might {unknown}
 o - a potion of invisibility {unknown}
 q - 2 potions of degeneration {unknown}
 x - 3 potions of lignification {unknown}
 A - a potion of berserk rage {unknown}
 F - 3 potions of magic {unknown}
 L - a potion of restore abilities {unknown}
Comestibles
 c - 8 bread rations
 l - 7 meat rations
 m - 3 beef jerkies
 G - 7 fruits
 O - 2 chunks of flesh


   Skills:
 - Level 3.2 Fighting
 + Level 15.8 Polearms
 - Level 1.3 Armour
 - Level 2.6 Dodging
 - Level 0.8 Stealth


You had 8 spell levels left.
You didn't know any spells.

Dungeon Overview and Level Annotations

Branches:
Dungeon (8/15)             Temple (0/1) D:4
   Lair: D:8-11

Altars:
Cheibriados
Dithmenos
Gozag
Kikubaaqudgha
Makhleb
Okawaru
Ru
Trog

Shops:
D:6 (


Message History

You barely miss the hippogriff. You closely miss the hippogriff.
The jelly hits you.
* * * LOW HITPOINT WARNING * * *
You are splashed with acid!
The acid corrodes your equipment!
The acid burns!
* * * LOW HITPOINT WARNING * * *
The hippogriff closely misses you. The hippogriff pecks you.
* * * LOW HITPOINT WARNING * * *
The hippogriff misses you.
Found 10 gold pieces.
You feel a strong urge to attack something.
The hippogriff misses you. The hippogriff closely misses you.
The hippogriff completely misses you.
You puncture the hippogriff!
The hippogriff is moderately wounded.
You puncture the hippogriff!
The hippogriff is severely wounded.
The hippogriff bites you!
* * * LOW HITPOINT WARNING * * *
The hippogriff barely misses you. The hippogriff claws you!
You die...

...# .# ...$#
.# #... ###..
#.. ..#.# #
#.###.#.# >..
#.).....#....
###..H.......#
#...@.J<..####
#.####)...# ..
#.##.(# . #.#
#.# #.# .# ...
. ### #


You could see a hippogriff and a jelly.

Vanquished Creatures
  A spriggan (D:7)
  A hippogriff (D:7)
  2 sky beasts
  An orc warrior (D:7)
  A phantom (D:5)
  An ice beast (D:7)
  An ogre (D:6)
  A centaur (D:7)
  2 giant frogs
  A scorpion (D:6)
  3 wights (D:6)
  2 electric eels (D:7)
  A crimson imp (D:6)
  A goliath beetle (D:7)
  A hound (D:6)
  2 jellies (D:5)
  3 worker ants
  2 iguanas
  A killer bee zombie (D:7)
  A hound zombie (D:6)
  Terence (D:2)
  8 gnolls
  7 adders
  A shadow imp (D:7)
  A worm (D:2)
  2 adder skeletons
  4 giant geckos
  An ooze (D:2)
  21 orcs
  7 bats
  A bat skeleton (D:7)
  A bat zombie (D:7)
  5 giant cockroaches
  7 goblins
  10 hobgoblins
  9 jackals
  3 quokkas
  A ball python (D:2)
  2 giant gecko skeletons
  A giant gecko zombie (D:7)
  5 giant newts
  9 kobolds
  A quokka skeleton (D:6)
  4 rats
  4 ballistomycetes (D:7)
145 creatures vanquished.

Vanquished Creatures (others)
  A human (D:6)
  A giant spore (D:7)
2 creatures vanquished.

Grand Total: 147 creatures vanquished

Notes
Turn   | Place    | Note
--------------------------------------------------------------
     0 | D:1      | myeffort, the Merfolk Berserker, began the quest for the Orb.
     0 | D:1      | Reached XP level 1. HP: 18/18 MP: 1/1
   161 | D:1      | Reached XP level 2. HP: 24/24 MP: 2/2
   300 | D:1      | Reached skill level 5 in Polearms
   641 | D:2      | Reached XP level 3. HP: 14/29 MP: 3/3
   790 | D:2      | Reached skill level 6 in Polearms
   905 | D:2      | Found a shadowy altar of Dithmenos.
   905 | D:2      | Noticed Terence
   915 | D:2      | Killed Terence
   915 | D:2      | Reached XP level 4. HP: 35/35 MP: 4/4
   919 | D:2      | Acquired Trog's second power
   919 | D:2      | Reached skill level 7 in Polearms
  1477 | D:3      | Found an ancient bone altar of Kikubaaqudgha.
  1644 | D:3      | Found a sacrificial altar of Ru.
  1792 | D:3      | Reached XP level 5. HP: 32/41 MP: 5/5
  2219 | D:4      | Reached skill level 8 in Polearms
  2405 | D:4      | Found a staircase to the Ecumenical Temple.
  2450 | D:4      | Got an ichor-stained robe
  2461 | D:4      | Identified the +2 robe "Daum" {+Blink} (You found it on level 4 of the Dungeon)
  3014 | D:5      | Entered Level 5 of the Dungeon
  3014 | D:5      | Found a bloodstained altar of Trog.
  3103 | D:5      | Got an ichor-stained plate armour
  3126 | D:5      | Identified the +2 plate armour "Wotimasu" {+Blink +Inv rPois rC+ rCorr} (You found it on level 5 of the Dungeon)
  3334 | D:5      | Reached skill level 9 in Polearms
  3334 | D:5      | Reached XP level 6. HP: 30/47 MP: 6/6
  3340 | D:5      | Found an opulent altar of Gozag.
  3549 | D:5      | Noticed a sky beast
  3563 | D:5      | Killed a sky beast
  3563 | D:5      | Reached skill level 10 in Polearms
  3728 | D:5      | Noticed a phantom
  3744 | D:5      | Killed a phantom
  3744 | D:5      | Reached skill level 11 in Polearms
  3744 | D:5      | Reached XP level 7. HP: 27/52 MP: 7/7
  3755 | D:5      | Found an iron altar of Okawaru.
  4165 | D:6      | Reached skill level 12 in Polearms
  4384 | D:6      | Found Kucov's Weapon Boutique.
  4462 | D:6      | Reached XP level 8. HP: 58/58 MP: 8/8
  4472 | D:6      | Reached skill level 13 in Polearms
  4516 | D:6      | Found an opulent altar of Gozag.
  4617 | D:6      | Found a snail-covered altar of Cheibriados.
  4712 | D:6      | Found an ancient bone altar of Kikubaaqudgha.
  4715 | D:6      | Noticed a human
  4717 | D:6      | Killed a human
  4843 | D:7      | Acquired Trog's third power
  4843 | D:7      | Reached skill level 14 in Polearms
  5000 | D:7      | Found a burning altar of Makhleb.
  5000 | D:7      | Noticed a green death
  5238 | D:7      | Reached skill level 15 in Polearms
  5379 | D:7      | Reached XP level 9. HP: 64/64 MP: 9/9
  5500 | D:8      | HP: 2/96 [hippogriff (7)]
  5500 | D:8      | Mangled by a hippogriff

Action                   |  1- 3 |  4- 6 |  7- 9 || total
-------------------------+-------+-------+-------++-------
Melee: Spear             |    81 |   248 |       ||   329
       Halberd           |       |    12 |   154 ||   166
       Trident           |       |       |   119 ||   119
Invok: Berserk           |     2 |     3 |     5 ||    10
  Use: Potion            |     1 |     1 |       ||     2
       Scroll            |       |     2 |       ||     2
 Stab: Sleeping          |     2 |     5 |     3 ||    10
       Distracted        |       |       |     1 ||     1
  Eat: Chunk             |     1 |    12 |    11 ||    24
